[Event "World Junior U20 Open 2018"]
[Site "Gebze"]
[Date "2018.09.10"]
[Round "6.82"]
[White "Dionizio, Andre Filipe Nascim"]
[Black "Maltezeanu, Stefan"]
[Result "1-0"]
[ECO "B20"]
[WhiteElo "2010"]
[BlackElo "2089"]
[Annotator "NA"]
[PlyCount "109"]
[EventDate "2018.09.05"]
[EventType "swiss"]
[EventCountry "TUR"]
[SourceTitle "playchess.com"]
[Source "ChessBase"]
[SourceQuality "1"]
[TimeControl "40/5400+30:1800+30"]

1. e4 c5 2. Nc3 e6 3. Bc4 Nc6 4. a4 g6 5. d3 Bg7 6. Be3 Nd4 7. f4 Ne7 8. Nce2 O-O 9. c3 Nxe2 10. Nxe2 d5 11. Bb3 b6 12. O-O Bb7 13. e5 Nf5 14. Bf2 d4 15. cxd4 cxd4 16. Rc1 Qd7 17. Qd2 Rfd8 18. Rfd1 Rac8 19. g4 ({White should play} 19. Ng3 $15) 19... Ba8 20. gxf5 Qb7 21. Kf1 Qh1+ 22. Ng1 gxf5 23. Bg3 Bf8 24. Qf2 Be7 25. Ke2 Qb7 26. Bh4 Bxh4 27. Qxh4 ({But not} 27. Rxc8 $2 Bxf2 28. Rxd8+ Kg7 $19) 27... Qg2+ 28. Qf2 Qg4+ 29. Nf3 Kh8 30. Qg3 Qh5 31. Rxc8 Rxc8 {[%emt 0:00:00] [#]} 32. Rg1 $1 Bxf3+ 33. Qxf3 Qxh2+ 34. Qf2 Qh5+ 35. Kd2 Rg8 36. Rxg8+ Kxg8 37. Qxd4 Qh2+ 38. Kc3 h5 39. Qd8+ Kg7 40. Qf6+ Kg8 41. Bxe6 fxe6 42. Qxe6+ Kh8 43. Qf6+ Kg8 44. e6 Qxf4 45. Qf7+ Kh8 46. Qxh5+ Kg7 47. Qf7+ Kh6 48. e7 Qc1+ 49. Kb3 Qd1+ 50. Kb4 a5+ 51. Kb5 Qxd3+ 52. Qc4 Qe3 53. Qc6+ Kg5 54. e8=Q Qd3+ 55. Qc4 1-0